 Dungeon Crawl Stone Soup version 0.30.0-10-gfe55d96785 (webtiles) character file.

Game seed: 17669859370368895847

215 ChrisAssaf the Sneak (level 6, 0/43 HPs)
             Began as a Human Enchanter on May 15, 2023.
             Slain by an ice beast (6 damage)
             ... on level 4 of the Dungeon.
             The game lasted 00:05:56 (1914 turns).

ChrisAssaf the Sneak (Human Enchanter)              Turns: 1914, Time: 00:05:56

Health: 0/43       AC:  2    Str: 10    XL:     6   Next: 15%
Magic:  9/9        EV: 12    Int: 16    God:
Gold:   82         SH:  0    Dex: 13    Spells: 5/10 levels left

rFire   . . .        a - +1 dagger
rCold   + . .        (no shield)
rNeg    . . .        b - +0 robe
rPois   .            (no helmet)
rElec   .            (no cloak)
rCorr   .            (no gloves)
SInv    .            (no boots)
Will    .....        (no amulet)
Stlth   +++          f - ring of protection from cold
HPRegen 0.27/turn    (no ring)
MPRegen 0.11/turn

%: no passive effects
@: no status effects
A: no striking features
a: no special abilities


You were on level 4 of the Dungeon.
You visited 1 branch of the dungeon, and saw 4 of its levels.

You collected 82 gold pieces.

Inventory:

Hand Weapons
 a - a +1 dagger (weapon)
 h - the +8 mace of Pestilence {freeze, Will+ Str+3 Int-5 Dex+2}
   (You found it on level 3 of the Dungeon)

   Str:       It affects your strength (+3).
   Int:       It affects your intelligence (-5).
   Dex:       It affects your dexterity (+2).
   Will:      It increases your willpower.
Armour
 b - a +0 robe (worn)
Jewellery
 e - a ring of flight
 f - a ring of protection from cold (left hand)
Wands
 l - a wand of roots (7)
Scrolls
 g - a scroll of identify {unknown}
 i - a scroll of vulnerability {unknown}
 j - a scroll of noise {unknown}
 n - a scroll of blinking {unknown}
Potions
 c - a potion of invisibility
 d - a potion of heal wounds {unknown}
 k - a potion of curing
 m - a potion of brilliance {unknown}


   Skills:
 * Level 1.1 Fighting
 * Level 2.1 Short Blades
 * Level 1.3 Armour
 * Level 2.5 Dodging
 * Level 4.2 Stealth
 * Level 2.6 Spellcasting
 * Level 3.7 Hexes
 * Level 1.2 Ice Magic


You had 5 spell levels left.
You knew the following spells:

 Your Spells              Type           Power      Damage    Failure   Level
a - Ensorcelled Hibernat  Hex/Ice        20%        N/A       11%         2
b - Tukima's Dance        Hex            14%        N/A       12%         3

Your spell library contained the following spells:

 Spells                   Type           Power      Damage    Failure   Level
 Confusing Touch          Hex            14%        N/A       12%         3
 Dazzling Flash           Conj/Hex       16%        N/A       26%         3
 Ozocubu's Armour         Ice            6%         N/A       34%         3
 Silence                  Hex/Air        4%         N/A       94%         5
 Agony                    Necr           2%         N/A       99%         5
 Ozocubu's Refrigeration  Ice            3%         4d8       100%        7


Dungeon Overview and Level Annotations

Branches:
Dungeon (4/15)
 Temple: D:4-7

Altars:
Vehumet
Yredelemnul

Annotations:
D:4 exclusion: statue


Message History

You closely miss the ice beast.
The ice beast is heavily wounded.
The ice beast barely misses you.
You hit the ice beast.
The ice beast is heavily wounded.
The ice beast closely misses you.
You hit the ice beast but do no damage.
The ice beast is heavily wounded.
You hit the ice beast but do no damage.
The ice beast is heavily wounded.
The ice beast hits you. The ice beast freezes you. You resist.
You barely miss the ice beast.
The ice beast is heavily wounded.
The ice beast closely misses you.
You hit the ice beast.
The ice beast is severely wounded.
The ice beast hits you. The ice beast freezes you. You resist.
You hit the ice beast.
The ice beast is severely wounded.
The ice beast hits you but does no damage.
You hit the ice beast but do no damage.
The ice beast is severely wounded.
The ice beast hits you. The ice beast freezes you! You resist.
It was a potion of curing.
You feel better.
The ice beast hits you but does no damage.
You hit the ice beast.
The ice beast is severely wounded.
The ice beast hits you. The ice beast freezes you! You resist.
You closely miss the ice beast.
The ice beast is severely wounded.
The ice beast hits you.
* * * LOW HITPOINT WARNING * * *
The ice beast freezes you. You resist.
* * * LOW HITPOINT WARNING * * *
You hit the ice beast but do no damage.
The ice beast is severely wounded.
The ice beast hits you.
* * * LOW HITPOINT WARNING * * *
The ice beast freezes you. You resist.
You die...

##########.#########
..................#
#
#############.###.#
.# #.....##.#
#........####
#.###........ #.#
#.#...... ##.#
###+###.#...... ...#
#....Y@........ ##.#
#......[..##.##
#..............
#.........##..#
#.....$...# ..
.....#+#+#.# . #####
.. ...


You could see an ice beast.

Vanquished Creatures
  Edmund (D:4)
  A hound (D:4)
  A jelly (D:4)
  2 adders (D:2)
  2 worms (D:3)
  3 ball pythons
  3 bats
  An endoplasm (D:2)
  2 giant cockroaches
  3 goblins
  2 hobgoblins
  5 jackals
  2 kobolds (D:1)
  2 quokkas
  2 rats
32 creatures vanquished.

Notes
Turn   | Place    | Note
-------+----------+-------------------------------------------
     0 | D:1      | ChrisAssaf the Human Enchanter began the quest for the Orb.
     0 | D:1      | Reached XP level 1. HP: 13/13 MP: 3/3
    57 | D:1      | Found a faded altar of an unknown god.
   130 | D:1      | Reached XP level 2. HP: 15/19 MP: 5/5
   158 | D:1      | Learned a level 2 spell: Ensorcelled Hibernation
   400 | D:2      | Reached XP level 3. HP: 17/25 MP: 1/6
   404 | D:2      | Learned a level 3 spell: Tukima's Dance
   482 | D:3      | Found a basalt altar of Yredelemnul.
   607 | D:3      | Identified the +8 mace of Pestilence {freeze, Will+ Str+3
                  | Int-5 Dex+2}
  1371 | D:2      | Reached XP level 4. HP: 10/31 MP: 0/7
  1640 | D:4      | Reached skill level 1 in Armour
  1640 | D:4      | Reached XP level 5. HP: 35/36 MP: 3/8
  1688 | D:4      | Noticed Edmund
  1696 | D:4      | Killed Edmund
  1697 | D:4      | Reached skill level 1 in Fighting
  1697 | D:4      | Reached skill level 4 in Stealth
  1697 | D:4      | Reached skill level 1 in Ice Magic
  1697 | D:4      | Reached XP level 6. HP: 43/43 MP: 3/9
  1840 | D:4      | Found a radiant altar of Vehumet.
  1887 | D:4      | Noticed an ice beast
  1914 | D:4      | Slain by an ice beast

Illustrated notes

Levels and vault maps discovered:
D:1:      scummos_arrival_simple_fountains, layout_loops_ring,
          ebering_ecumenical_altar_mist, nicolae_grassy_gnolls
D:2:      layout_basic, roderic_lattice_a, lightli_corner_chamber
D:3:      layout_basic, yredelemnul_altar_generic, chequers_garden,
          kennysheep_generic_room_15
D:4:      layout_basic, vehumet_statue,
          chequers_temple_overflow_statue_of_worship,
          gammafunk_temple_overflow_arena, uniq_edmund

Skill      XL: |  1  2  3  4  5 |
---------------+----------------+-----
Armour         | 1 |  1.3
Fighting       | 1 |  1.1
Short Blades   | 2 |  2.1
Stealth        | 4 |  4.2
Ice Magic      | 1 |  1.2
Dodging        | |  2.5
Spellcasting   | |  2.6
Hexes          | |  3.7

Action                     |  1- 3 |  4- 6 || total
---------------------------+-------+-------++-------
  Melee: Dagger            |    87 |    20 ||   107
         Punch             |     1 |       ||     1
   Cast: Ensorcelled Hiber |    20 |     6 ||    26
         Tukima's Dance    |     1 |     1 ||     2
  Evoke: Wand              |       |     1 ||     1
    Use: Potion            |     1 |     1 ||     2
   Stab: Sleeping          |    11 |     5 ||    16
         Invisible         |     3 |       ||     3
         Distracted        |       |     1 ||     1
 Armour: Robe              |    11 |     3 ||    14
  Dodge: Dodged            |    53 |     8 ||    61
